 Dungeon Crawl Stone Soup version bcrawl-1.36 (webtiles) character file.

Game seed: 6319255924192877869

112609 Mrkan the Sneak (level 4, -3/34 HPs)
             Began as a Gnoll Archaeologist on Apr 17, 2022.
             Was a Follower of Lugonu.
             Killed from afar by an orc wizard (7 damage)
             ... with a puff of flame
             ... on level 3 of the Dungeon.
             The game lasted 00:03:45 (2318 turns).

Mrkan the Sneak (Gnoll Archaeologist)               Turns: 2318, Time: 00:03:46

Health: -3/34      AC: 12    Str: 12 (15) XL:     4   Next: 50%
Magic:  5/5        EV:  5    Int: 13 (16) God:    Lugonu [*.....]
Gold:   190        SH:  4    Dex: 11 (13) Spells: 5/5 levels left

rFire    . . .     SeeInvis .   a - +0 whip
rCold    . . .     Gourm    .   x - +0 buckler
rNeg     . . .     Faith    .   w - +0 chain mail
rPois    .         Spirit   .   d - +1 hat
rElec    .         Reflect  .   (no cloak)
rCorr    .                      r - +0 pair of gloves
MR       .....                  z - +1 pair of boots
Stlth    ..........             (no amulet)
HPRegen  0.11/turn              (no ring)
MPRegen  0.09/turn              (no ring)

@: lethally poisoned (-3 -> -26)
A: distributed training, fangs 1, strong nose
a: Depart the Abyss, Bend Space, Renounce Religion


You were on level 3 of the Dungeon.
You worshipped Lugonu.
Lugonu was aware of your devotion.
You were hungry.

You visited 1 branch of the dungeon, and saw 3 of its levels.

You collected 190 gold pieces.

Inventory:

Hand Weapons
 a - a +0 whip (weapon)
 b - a +0 blowgun
Missiles
 f - 6 curare-tipped needles
 q - 219 poisoned needles
 y - 102 stones (quivered)
Armour
 c - a +1 robe
 d - a +1 hat (worn)
 r - a +0 pair of gloves (worn)
 w - a +0 chain mail (worn)
 x - a +0 buckler (worn)
 z - a +1 pair of boots (worn)
Jewellery
 t - a +4 ring of dexterity {unknown}
Scrolls
 g - a scroll of magic mapping
 k - 4 scrolls of teleportation {unknown}
 l - 3 scrolls of amnesia {unknown}
 m - a scroll of enchant weapon {unknown}
 p - a scroll of immolation {unknown}
 s - 2 scrolls of remove curse {unknown}
 A - a scroll of noise {unknown}
Potions
 j - a potion of curing
 n - a potion of heal wounds {unknown}
 o - a potion of resistance {unknown}
 u - a potion of degeneration
 v - 2 potions of might {unknown}
Miscellaneous
 h - a dusty tome
Comestibles
 e - 4 rations {!d}


   Skills:
 + Level 2.7 Fighting
 + Level 1.1 Short Blades
 + Level 1.1 Long Blades
 + Level 1.1 Axes
 + Level 2.7 Maces & Flails
 + Level 1.1 Polearms
 + Level 1.1 Staves
 + Level 1.1 Slings
 + Level 1.1 Bows
 + Level 1.1 Crossbows
 + Level 1.1 Throwing
 + Level 1.1 Armour
 + Level 6.6 Dodging
 + Level 6.6 Stealth
 + Level 1.1 Shields
 + Level 1.1 Unarmed Combat
 + Level 1.1 Spellcasting
 + Level 0.9 Conjurations
 + Level 0.9 Hexes
 + Level 0.9 Charms
 + Level 0.9 Summonings
 + Level 0.9 Necromancy
 + Level 0.9 Translocations
 + Level 0.9 Transmutations
 + Level 0.9 Fire Magic
 + Level 0.9 Ice Magic
 + Level 0.9 Air Magic
 + Level 0.9 Earth Magic
 + Level 0.9 Poison Magic
 + Level 1.2 Invocations
 + Level 1.1 Evocations


You had 5 spell levels left.
You didn't know any spells.
Your spell library was empty.

Dungeon Overview and Level Annotations

Branches:
Dungeon (3/12)

Altars:
Lugonu

Annotations:
D:2 1 runed door


Innate Abilities, Weirdness & Mutations

Your experience applies equally to all skills.
You have very sharp teeth.
Your uncanny sense of smell can sniff out nearby items.


Message History

You closely miss the orc wizard.
The orc wizard is heavily wounded.
* * * LOW HITPOINT WARNING * * *
You feel sick.
The orc wizard hits you but does no damage.
You are lethally poisoned!
You hit the orc wizard.
The orc wizard is severely wounded.
* * * LOW HITPOINT WARNING * * *
You feel sick.
The orc wizard hits you with a +2 dagger of venom.
* * * LOW HITPOINT WARNING * * *
You are more poisoned.
You miss the orc wizard.
The orc wizard is severely wounded.
* * * LOW HITPOINT WARNING * * *
You feel sick.
The orc wizard gestures at you while chanting.
The puff of flame hits you!
You die...

#># #.# #.#
###########
#.#
#.........###
#.#
#.######....#
#o# #.#
#....# #o#
#.# #....#
#@# #.#
#....#
#.###.#
#....#
#.....#
#..<.#
#######
#....# ######


You could see an orc wizard and an orc.

Vanquished Creatures
  Jessica (D:2)
  An adder (D:3)
  4 dart slugs
  3 leopard geckos
  An orc (D:3)
  2 ball pythons (D:1)
  A giant cockroach (D:1)
  2 goblins (D:2)
  3 hobgoblins
  5 jackals (D:2)
  5 kobolds
  3 bats (D:2)
  3 frilled lizards
  7 rats
41 creatures vanquished.

Notes
Turn   | Place    | Note
-------+----------+-------------------------------------------
     0 | D:1      | Mrkan the Gnoll Archaeologist began the quest for the Orb.
     0 | D:1      | Reached XP level 1. HP: 17/17 MP: 1/1
   225 | D:1      | Reached XP level 2. HP: 23/23 MP: 2/2
  1205 | D:2      | Found a corrupted altar of Lugonu.
  1218 | D:2      | Reached XP level 3. HP: 27/28 MP: 3/3
  1362 | D:2      | Reached skill level 1 in Invocations
  1781 | D:2      | Noticed Jessica
  1792 | D:2      | Killed Jessica
  1793 | D:2      | Reached skill level 1 in Short Blades
  1793 | D:2      | Reached skill level 1 in Long Blades
  1793 | D:2      | Reached skill level 1 in Axes
  1793 | D:2      | Reached skill level 1 in Polearms
  1793 | D:2      | Reached skill level 1 in Staves
  1793 | D:2      | Reached skill level 1 in Slings
  1793 | D:2      | Reached skill level 1 in Bows
  1793 | D:2      | Reached skill level 1 in Crossbows
  1793 | D:2      | Reached skill level 1 in Throwing
  1793 | D:2      | Reached skill level 1 in Armour
  1793 | D:2      | Reached skill level 1 in Shields
  1793 | D:2      | Reached skill level 1 in Unarmed Combat
  1793 | D:2      | Reached skill level 1 in Spellcasting
  1793 | D:2      | Reached skill level 1 in Evocations
  1793 | D:2      | Reached XP level 4. HP: 22/34 MP: 5/5
  1923 | D:2      | Found a runed door.
  2239 | D:2      | Became a worshipper of Lugonu the Unformed
  2318 | D:3      | Killed from afar by an orc wizard

Skill      XL: |  1  2  3 |
---------------+----------+-----
Invocations    | 1 |  1.2
Short Blades   | 1 |  1.1
Long Blades    | 1 |  1.1
Axes           | 1 |  1.1
Polearms       | 1 |  1.1
Staves         | 1 |  1.1
Slings         | 1 |  1.1
Bows           | 1 |  1.1
Crossbows      | 1 |  1.1
Throwing       | 1 |  1.1
Armour         | 1 |  1.1
Shields        | 1 |  1.1
Unarmed Combat | 1 |  1.1
Spellcasting   | 1 |  1.1
Evocations     | 1 |  1.1
Fighting       | |  2.7
Maces & Flails | |  2.7
Dodging        | |  6.6
Stealth        | |  6.6
Conjurations   | |  0.9
Hexes          | |  0.9
Charms         | |  0.9
Summonings     | |  0.9
Necromancy     | |  0.9
Translocations | |  0.9
Transmutations | |  0.9
Fire Magic     | |  0.9
Ice Magic      | |  0.9
Air Magic      | |  0.9
Earth Magic    | |  0.9
Poison Magic   | |  0.9

Action                   |  1- 3 |  4- 6 || total
-------------------------+-------+-------++-------
Melee: Whip              |   120 |    65 ||   185
       Bite              |     8 |     4 ||    12
  Use: Potion            |       |     2 ||     2
       Scroll            |       |     1 ||     1
 Stab: Sleeping          |     5 |       ||     5
  Eat: Chunk             |     6 |     2 ||     8
Armor: Robe              |    45 |       ||    45
       Chain mail        |     6 |    36 ||    42
Dodge: Dodged            |   127 |    24 ||   151
Block: Buckler           |       |    10 ||    10
